 Dungeon Crawl Stone Soup version 0.23.1 (webtiles) character file.

Game seed: 15537989827492784162

105 Yunesin the Skirmisher (level 4, 0/41 HPs)
             Began as a Hill Orc Fighter on Mar 15, 2019.
             Slain by an ogre
             ... wielding a cursed +0 giant spiked club
              (7 damage)
             ... on level 4 of the Dungeon.
             The game lasted 00:06:44 (2512 turns).

Yunesin the Skirmisher (Hill Orc Fighter)           Turns: 2512, Time: 00:06:44

Health: 0/41       AC:  9    Str: 18    XL:     4   Next: 81%
Magic:  4/4        EV:  7    Int:  9    God:
Gold:   115        SH:  9    Dex: 10    Spells: 3/3 levels left

rFire    + + .     SeeInvis .   a - +0 war axe
rCold    . . .     Gourm    .   c - +0 shield
rNeg     . . .     Faith    .   b - +0 scale mail
rPois    .         Spirit   .   l - +0 helmet
rElec    .         Reflect  .   (no cloak)
rCorr    .         Harm     .   u - +0 pair of gloves
MR       .....                  (no boots)
Stlth    ..........             (no amulet)
HPRegen  0.13/turn              h - ring of protection from fire
MPRegen  0.09/turn              n - ring of protection from fire

@: no status effects
A: no striking features
a: no special abilities


You were on level 4 of the Dungeon.
You were not hungry.

You visited 1 branch of the dungeon, and saw 4 of its levels.

You collected 115 gold pieces.

Inventory:

Hand Weapons
 a - a +0 war axe (weapon)
Missiles
 q - 3 javelins (quivered)
Armour
 b - a +0 scale mail (worn)
 c - a +0 shield (worn)
 l - a +0 helmet (worn)
 u - a +0 pair of gloves (worn)
Jewellery
 h - a ring of protection from fire (left hand)
 n - a ring of protection from fire (right hand)
Scrolls
 j - 2 scrolls of identify {unknown}
 k - a scroll of enchant armour {unknown}
 m - a scroll of noise {unknown}
 o - 3 scrolls of remove curse {unknown}
 r - 2 scrolls of teleportation {unknown}
 v - a scroll of enchant weapon {unknown}
 w - 2 scrolls of fear {unknown}
Potions
 d - a potion of might
 e - 4 potions of curing {unknown}
 g - a potion of lignification {unknown}
 i - 2 potions of degeneration {unknown}
 p - 2 potions of brilliance {unknown}
 s - a potion of haste {unknown}
 x - a potion of magic {unknown}
 z - a potion of cancellation {unknown}
Comestibles
 f - 7 rations
 t - a chunk of flesh


   Skills:
 + Level 4.4 Fighting
 * Level 4.3 Axes
 + Level 4.0 Armour
 - Level 0.3 Dodging
 + Level 3.9 Shields


You had 3 spell levels left.
You didn't know any spells.
Your spell library was empty.

Dungeon Overview and Level Annotations

Branches:
Dungeon (4/15)
 Temple: D:4-7

Altars:


Message History

You throw a javelin. The javelin closely misses the ogre.
The ogre hits you with a cursed +0 giant spiked club!
Throwing (i - inventory)
q - 5 javelins (quivered)
Press: ? - help, Shift-Dir - straight line, f/p - ogre
Aim: an ogre, wielding a +0 giant spiked club (heavily wounded)
You throw a javelin.
The javelin hits the ogre but does no damage.
The ogre is heavily wounded.
The ogre barely misses you.
Throwing (i - inventory)
q - 4 javelins (quivered)
Press: ? - help, Shift-Dir - straight line, f/p - ogre
Aim: an ogre, wielding a +0 giant spiked club (heavily wounded)
You throw a javelin.
The javelin hits the ogre but does no damage.
The ogre is heavily wounded.
The ogre hits you with a cursed +0 giant spiked club!!
* * * LOW HITPOINT WARNING * * *
You block the crocodile's attack.
The ogre hits you with a cursed +0 giant spiked club!
You die...

#### # ###.)### ... ##.
###......### ....
#..####..........####....
#........................
#.##...###@O........(.)..
#.....###..t......[?.....
#####....................
#....................
#...........(..#.###.
#####............#
##..............
##..............
##.............


You could see a crocodile and an ogre.

Vanquished Creatures
  A gnoll (D:3)
  2 adders
  3 worms
  2 dart slugs
  2 leopard geckos
  4 orcs (D:3)
  7 bats
  2 giant cockroaches (D:3)
  5 goblins
  10 hobgoblins
  2 jackals (D:3)
  7 kobolds
  2 ball pythons
  A frilled lizard (D:1)
  6 rats
56 creatures vanquished.

Notes
Turn   | Place    | Note
-------+----------+-------------------------------------------
     0 | D:1      | Yunesin the Hill Orc Fighter began the quest for the Orb.
     0 | D:1      | Reached XP level 1. HP: 19/19 MP: 1/1
   168 | D:1      | Reached XP level 2. HP: 24/27 MP: 2/2
   591 | D:2      | Reached XP level 3. HP: 31/33 MP: 3/3
  1491 | D:3      | Reached XP level 4. HP: 40/40 MP: 4/4
  2499 | D:4      | Noticed an ogre
  2501 | D:4      | Noticed a crocodile
  2512 | D:4      | Slain by an ogre

Skill      XL: |  1  2  3  4 |
---------------+-------------+-----
Axes           | 3 4 |  4.3
Fighting       | 4 |  4.4
Armour         | 4 |  4.0
Dodging        | |  0.3
Shields        | |  3.9

Action                   |  1- 3 |  4- 6 || total
-------------------------+-------+-------++-------
Melee: War axe           |   122 |    76 ||   198
Throw: Javelin           |       |     5 ||     5
  Eat: Chunk             |     2 |     3 ||     5
Armor: Scale mail        |    73 |    30 ||   103
Dodge: Dodged            |    42 |    22 ||    64
Block: Shield            |    71 |    40 ||   111
